 Dungeon Crawl Stone Soup version 0.23-a0-296-ga3b1b28 (webtiles) character file.

333 mhoghedin the Skirmisher (level 6, -7/49 HPs)
             Began as a Mummy Fighter on Oct 5, 2018.
             Was an Initiate of Ashenzari.
             Mangled by an ogre
             ... wielding a +0 giant spiked club
              (18 damage)
             ... on level 5 of the Dungeon.
             The game lasted 00:04:01 (3598 turns).

mhoghedin the Skirmisher (Mummy Fighter)            Turns: 3598, Time: 00:04:02

Health: -7/49      AC:  8    Str: 22    XL:     6   Next: 27%
Magic:  6/6        EV:  7    Int:  7    God:    Ashenzari [......]
Gold:   167        SH:  9    Dex: 11    Spells: 5/5 levels left

rFire    x . .     SeeInvis .   a - +0 flail
rCold    + . .     Gourm    .   c - +0 shield (curse)
rNeg     + + +     Faith    .   b - +0 scale mail
rPois    ∞         Spirit   .   (no helmet)
rElec    .         Reflect  .   (no cloak)
rCorr    .         Harm     .   e - +0 pair of gloves
MR       .....                  (no boots)
Stlth    ..........             k - amulet of regeneration (curse) {+regen, !d}
HPRegen  0.56/turn              (no ring)
MPRegen  0.10/turn              (no ring)

@: no status effects
A: no food or potions, fire vulnerability, cold resistance 1, negative energy
resistance 3, torment resistance, unbreathing
a: Curse Item, Renounce Religion


You were on level 5 of the Dungeon.
You worshipped Ashenzari.
Ashenzari was noncommittal.
You were not hungry.

You visited 1 branch of the dungeon, and saw 5 of its levels.

You collected 167 gold pieces.

Inventory:

Hand Weapons
 a - a +0 flail (weapon)
Armour
 b - a +0 scale mail (worn)
 c - a cursed +0 shield (worn)
 e - a +0 pair of gloves (worn)
   (You found it on level 1 of the Dungeon)
Jewellery
 k - a cursed amulet of regeneration (around neck) {+regen, !d}
   (You found it on level 4 of the Dungeon)
Scrolls
 d - 4 scrolls of remove curse
 f - a scroll of teleportation
 g - 3 scrolls of identify
 h - 2 scrolls of amnesia
 i - 3 scrolls of enchant armour {unknown}
 j - a scroll of enchant weapon {unknown}


   Skills:
 + Level 4.3 Fighting
 + Level 3.0 Maces & Flails
 + Level 3.5 Armour
 + Level 3.6 Shields


You had 5 spell levels left.
You didn't know any spells.
Your spell library was empty.

Dungeon Overview and Level Annotations

Branches:
Dungeon (5/15)             Temple (0/1) D:4

Altars:
Ashenzari
Trog
Yredelemnul


Innate Abilities, Weirdness & Mutations

You do not eat or drink.
Your flesh is vulnerable to fire.
You are immune to poison.
Your flesh is cold resistant. (rC+)
You are immune to negative energy. (rN+++)
You are immune to unholy pain and torment.
You can survive without breathing.


Message History

The orc grunts loudly, as Orcs often do.
The phantom hits you.
The phantom blinks!
You block the orc's attack.
You take 2 damage, and have 37/42 hp.
You hit the orc. You block the orc's attack.
You barely miss the orc. You sock the phantom! The phantom misses you.
You completely miss the phantom. The orc hits you.
The phantom blinks!
The orc closely misses you.
You take 1 damage, and have 36/42 hp.
You closely miss the orc. The orc barely misses you.
The phantom blinks!
You closely miss the orc. You block the orc's attack. x2
You sock the orc!
You kill the orc!
You closely miss the phantom.
The phantom blinks!
You barely miss the phantom. You block the phantom's attack.
You closely miss the phantom. You block the phantom's attack.
You closely miss the phantom. The phantom barely misses you.
The phantom closely misses you.
Your shield and scale mail prevent you from hitting the phantom.
The phantom barely misses you.
You hit the phantom but do no damage. The phantom hits you. x2
The phantom blinks!
You take 3 damage, and have 35/42 hp.
The phantom hits you but does no damage.
You see here an orc corpse.
You closely miss the phantom. You block the phantom's attack.
You hit the phantom but do no damage. The phantom barely misses you.
You thump the phantom!
The phantom hits you. x2; The phantom blinks!
You take 10 damage, and have 26/42 hp.
MASSIVE DAMAGE!!
You hit the phantom.
The phantom hits you but does no damage.
You hit the phantom.
The phantom hits you but does no damage.
You hit the phantom.
You destroy the phantom!
Your Maces & Flails skill increases to level 3!
You have reached level 6!
Your experience leads to an increase in your attributes!
Increase (S)trength, (I)ntelligence, or (D)exterity?
You feel stronger.
You regained 4 hp, and now have 31/49 hp.
MP restored: 6 You start resting.
Health restored: 49
Found a basalt altar of Yredelemnul.
i - 2 scrolls labeled NOUNNY REUZ (gained 1)
g - 3 scrolls of identify (gained 1)
i - 3 scrolls labeled NOUNNY REUZ (gained 1)
Found a stone staircase leading down.
k - an uncursed amulet of regeneration {+regen, !d} No target in view!
The amulet throbs as it attunes itself to your uninjured body.
k - an amulet of regeneration (around neck) {+regen, !d}
There is a staircase to the Ecumenical Temple here.
You see here 20 stones.
Found an escape hatch in the ceiling.
Curse which item? (5 remove curse scrolls left) (Esc to abort) (? for menu, Esc Your amulet of regeneration {+regen, !d} glows black for a moment.
Done exploring.
Done exploring.
Done exploring.
(D) Dungeon (T) Temple
Where to? (Enter - D:4, ? - help)
You see here 20 stones.
There is a stone staircase leading up here.
There is a stone staircase leading down here.
You climb downwards.
There is a stone staircase leading up here.
You open the door.
There is an open door here.
You see here an uncursed spear.
You open the door.
There is an open door here.
You now have 167 gold pieces (gained 5).
As you open the door, it creaks loudly!
There is an open door here.
You open the door.
An ogre comes into view. It is wielding a giant spiked club.
The ogre shouts!
There is an open door here.
Unknown command.
The ogre hits you with a giant spiked club!!
You take 18 damage, and have 31/49 hp.
MASSIVE DAMAGE!!
Your shield and scale mail prevent you from hitting the ogre.
The ogre hits you with a giant spiked club!
You take 13 damage, and have 18/49 hp.
MASSIVE DAMAGE!!
You barely miss the ogre. You block the ogre's attack.
You hit the ogre. You block the ogre's attack.
You hit the ogre. The ogre closely misses you.
You hit the ogre.
The ogre hits you with a giant spiked club!
* * * LOW HITPOINT WARNING * * *
You take 10 damage, and have 10/49 hp.
MASSIVE DAMAGE!!
You hit the ogre.
The ogre hits you with a giant spiked club!!
You die...

######.######
######..###.###..#
#...##.......'..<#
#....#...)...#...#
#....'...###+#####
#'####...# ....
#...######.....
+...#..........
#...'..@O......
#+###..........
.............
.....#####.....
(..... #+###
...... ...$..
#.....


You could see an ogre.

Vanquished Creatures
  A phantom (D:4)
  An orc priest (D:3)
  A hound (D:4)
  2 worker ants (D:4)
  4 adders
  A worm (D:3)
  A dart slug (D:3)
  2 leopard geckos
  9 orcs
  8 bats
  5 giant cockroaches
  10 goblins
  5 hobgoblins
  5 jackals
  2 quokkas (D:2)
  6 frilled lizards
  12 kobolds
  9 rats
84 creatures vanquished.

Notes
Turn   | Place    | Note
-------+----------+-------------------------------------------
     0 | D:1      | mhoghedin the Mummy Fighter began the quest for the Orb.
     0 | D:1      | Reached XP level 1. HP: 18/18 MP: 1/1
   217 | D:1      | Reached XP level 2. HP: 21/24 MP: 2/2
   724 | D:1      | Reached skill level 2 in Maces & Flails
   894 | D:1      | Reached XP level 3. HP: 12/29 MP: 3/3
  1178 | D:2      | Found a shattered altar of Ashenzari.
  1633 | D:2      | Reached XP level 4. HP: 30/35 MP: 4/4
  1955 | D:3      | Reached skill level 3 in Shields
  2002 | D:3      | Reached skill level 3 in Armour
  2287 | D:3      | Found a bloodstained altar of Trog.
  2429 | D:2      | Became a worshipper of Ashenzari the Shackled
  2707 | D:3      | Reached XP level 5. HP: 42/42 MP: 5/5
  3006 | D:4      | Reached skill level 4 in Fighting
  3010 | D:4      | Found a staircase to the Ecumenical Temple.
  3224 | D:4      | Noticed a phantom
  3252 | D:4      | Killed a phantom
  3252 | D:4      | Reached skill level 3 in Maces & Flails
  3252 | D:4      | Reached XP level 6. HP: 31/49 MP: 6/6
  3411 | D:4      | Found a basalt altar of Yredelemnul.
  3551 | D:5      | Entered Level 5 of the Dungeon
  3597 | D:5      | HP: 10/49 [ogre/giant spiked club (11)]
  3598 | D:5      | Mangled by an ogre

Vault maps used:
D:1:      onia_arrival_larder, serial_bayou_lake_a
D:2:      nicolae_overflow_crystal_walls, minmay_pentomino_p4
D:3:      lemuel_crystal_altar, first_ration
D:4:      lemuel_round_altar, temple_pool_b
D:5:      marbit_many_paths, uniq_blork_the_orc, uniq_eustachio

Skill      XL: |  1  2  3  4  5 |
---------------+----------------+-----
Maces & Flails | 2 3 |  3.0
Shields        | 3 |  3.6
Armour         | 3 |  3.5
Fighting       | 4 |  4.3

Action                   |  1- 3 |  4- 6 || total
-------------------------+-------+-------++-------
Melee: Flail             |   215 |   157 ||   372
Invok: Curse Item        |       |     2 ||     2
  Use: Scroll            |     3 |     2 ||     5
Armor: Scale mail        |   107 |    59 ||   166
Dodge: Dodged            |    90 |    42 ||   132
Block: Shield            |   131 |    92 ||   223

Table legend:
 A = Non-vault XP
 B = Vault XP
 C = Vault XP percentage of total XP
 D = Non-vault monster count
 E = Vault monster count
 F = Vault count percentage of total count
                 A         B        C        D         E       F
            +---------+---------+-------+---------+---------+-------
      Total |     463 |      13 |   2.7 |      75 |       9 |  10.7
            +---------+---------+-------+---------+---------+-------
        D:1 |      35 |       8 |  18.6 |      22 |       6 |  21.4
        D:2 |      60 |       5 |   7.7 |      22 |       3 |  12.0
        D:3 |      93 |       0 |   0.0 |      23 |       0 |   0.0
        D:4 |     275 |       0 |   0.0 |       8 |       0 |   0.0
            +---------+---------+-------+---------+---------+-------

Vault maps used:
D:1:      onia_arrival_larder, serial_bayou_lake_a
D:2:      nicolae_overflow_crystal_walls, minmay_pentomino_p4
D:3:      lemuel_crystal_altar, first_ration
D:4:      lemuel_round_altar, temple_pool_b
D:5:      marbit_many_paths, uniq_blork_the_orc, uniq_eustachio

Table legend:
 A = Turns spent in this place as a percentage of turns spent in the entire game.
 B = Non-inter-level travel turns spent in this place as a percentage of non-inter-level travel turns spent in the entire game.
 C = Inter-level travel turns spent in this place as a percentage of turns spent in this place.
 D = Turns resting spent in this place as a percentage of non-inter-level travel turns spent in this place.
 E = Turns spent auto-exploring this place as a percentage of non-inter-level travel turns spent in this place.
 F = Non-inter-level travel turns spent in this place divided by the number of levels of this place that you've seen.
                   A       B       C       D       E      F
               +-------+-------+-------+-------+-------+----------------------
         Total | 100.0 | 100.0 |   7.1 |  27.4 |  53.0 | 668.8
       Dungeon | 100.0 | 100.0 |   7.1 |  27.4 |  53.0 | 668.8
               +-------+-------+-------+-------+-------+----------------------

Table legend:
 A = Kills in this place as a percentage of kills in entire the game.
 B = Kills by you in this place as a percentage of kills by you in the entire game.
 C = Kills by friends in this place as a percentage of kills by friends in the entire game.
 D = Other kills in this place as a percentage of other kills in the entire game.
 E = Experience gained in this place as a percentage of experience gained in the entire game.
 F = Experience gained in this place divided by the number of levels of this place that you have seen.
                   A       B       C       D       E      F
               +-------+-------+-------+-------+-------+----------------------
         Total | 100.0 | 100.0 |   N/A |   N/A | 100.0 |  95.2
       Dungeon | 100.0 | 100.0 |   N/A |   N/A | 100.0 |  95.2
               +-------+-------+-------+-------+-------+----------------------
